 Dungeon Crawl Stone Soup version 0.28-a0-722-gc0678643b6 (webtiles) character file.

Game seed: 15784213242037873026

153 Lekart the Skirmisher (level 5, -5/47 HPs)
             Began as a Draconian Abyssal Knight on Oct 24, 2021.
             Was a Believer of Lugonu.
             Killed from afar by an orc wizard (8 damage)
             ... with a magic dart
             ... on level 3 of the Dungeon.
             The game lasted 00:03:14 (3061 turns).

Lekart the Skirmisher (Draconian Abyssal Knight)    Turns: 3061, Time: 00:03:15

Health: -5/47      AC:  5    Str: 17    XL:     5   Next: 12%
Magic:  7/7        EV: 12    Int: 10    God:    Lugonu [**....]
Gold:   143        SH:  0    Dex: 11    Spells: 4/4 levels left

rFire   . . .      SeeInvis .   a - +1 hand axe
rCold   . . .      Faith    .   (no shield)
rNeg    . . .      Spirit   .   (armour unavailable)
rPois   .          Reflect  .   e - +0 hat
rElec   .          Harm     .   (no cloak)
rCorr   .          Rampage  .   (no gloves)
Will    .....                   (no boots)
Stlth   +.........              (no amulet)
HPRegen 0.15/turn               f - ring of flight
MPRegen 0.10/turn               (no ring)

@: brilliant, flying, hasted (expiring), very quick
A: AC +5, unfitting armour, cold-blooded
a: Renounce Religion, Depart the Abyss, Bend Space


You were on level 3 of the Dungeon.
You worshipped Lugonu.
Lugonu was pleased with you.
You visited 1 branch of the dungeon, and saw 3 of its levels.
You visited the Abyss 1 time.

You collected 143 gold pieces.

Inventory:

Hand Weapons
 a - a +1 hand axe (weapon)
Armour
 e - a +0 hat (worn)
Jewellery
 f - a ring of flight (left hand)
Scrolls
 c - a scroll of identify {unknown}
 h - a scroll of enchant armour {unknown}


   Skills:
 + Level 4.3 Fighting
 + Level 3.4 Axes
 + Level 2.9 Dodging
 * Level 3.0 Invocations


You had 4 spell levels left.
You didn't know any spells.
Your spell library contained the following spells:

 Spells                   Type           Power      Damage    Failure   Level
 Magic Dart               Conj           0%         1d3       36%         1
 Sandblast                Erth           0%         2d4       36%         1
 Passwall                 Tmut/Erth      0%         N/A       50%         2
 Searing Ray              Conj           0%         2d4       50%         2
 Stone Arrow              Conj/Erth      0%         3d7       75%         3
 Fulminant Prism          Conj/Hex       0%         3d6       98%         4


Dungeon Overview and Level Annotations

Branches:
Dungeon (3/15)

Altars:
Dithmenos

Annotations:
D:1 exclusion: downstairs


Innate Abilities, Weirdness & Mutations

Your plain brown scales are hard. (AC +5)
You cannot fit into any form of body armour.
You are cold-blooded and may be slowed by cold attacks.


Message History

The orc hits you with a +0 flail.
* * * LOW HITPOINT WARNING * * *
You feel better. Something hits you.
* * * LOW HITPOINT WARNING * * *
The orc priest hits you but does no damage.
You hit the orc priest. You tail-slap the orc priest.
The orc priest is severely wounded.
You hit the orc.
You kill the orc!
Lugonu accepts your kill.
You miss something. Something hits you but does no damage.
The orc priest hits you with a +0 dagger.
* * * LOW HITPOINT WARNING * * *
You hit the orc priest.
You kill the orc priest!
Lugonu accepts your kill.
You miss something.
You hear some strange, mumbled words.
A magic dart appears from out of thin air!
The magic dart hits you.
* * * LOW HITPOINT WARNING * * *
Your Invocations skill increases to level 3!
You have reached level 5!
You see here a dart slug corpse.
You are confused.
You bump into the tree.
You're too confused to move!
An orc wizard appears from thin air!
Reactivating autopickup.
You bump into the granite statue.
You bump into the granite statue.
The orc wizard points at you and mumbles some strange words.
The magic dart hits you.
* * * LOW HITPOINT WARNING * * *
It was a potion of brilliance.
You feel clever all of a sudden.
You feel less confused.
Your extra speed is starting to run out.
The orc wizard gestures at you while chanting.
The magic dart hits you!
You die...

.#.#.....#######..).......'..#
...#.....'.....)..........####
#..#.....#######..........#
#..#.##### #..........# #..#.#
#..........# #..#.#
#..........#
########################...
♣.♣.♣.8.♣.♣.♣.♣.♣.8.♣.♣...
.........o......@.......
♣.♣.♣.♣.8.8.♣.♣.♣.♣.♣.♣.
################### ....>#
.....# ........ ########


You could see an orc wizard.

Vanquished Creatures
  An orc priest (D:3)
  A centaur skeleton (D:3)
  4 adders (D:2)
  3 worms
  3 dart slugs
  3 orcs (D:3)
  2 giant cockroaches (D:1)
  3 goblins
  5 hobgoblins
  2 jackals (D:2)
  4 kobolds
  2 quokkas (D:1)
  5 ball pythons
  4 bats
  3 frilled lizards
  3 rats
48 creatures vanquished.

Vanquished Creatures (others)
  11 toadstools (D:3)
11 creatures vanquished.

Grand Total: 59 creatures vanquished

Notes
Turn   | Place    | Note
-------+----------+-------------------------------------------
     0 | Abyss:1  | Lekart the Draconian Abyssal Knight began the quest for the
                  | Orb.
     0 | Abyss:1  | Reached XP level 1. HP: 19/19 MP: 2/2
    54 | Abyss:1  | Noticed an ancient zyme
    85 | Abyss:1  | Noticed a small abomination
    97 | Abyss:1  | Noticed an iron imp
   102 | D:1      | Escaped the Abyss
   580 | D:1      | Found a faded altar of an unknown god.
   738 | D:1      | Reached XP level 2. HP: 25/26 MP: 3/3
  1442 | D:2      | Reached * piety under Lugonu
  1557 | D:2      | Reached XP level 3. HP: 23/33 MP: 4/4
  1558 | D:2      | Reached skill level 4 in Fighting
  1937 | D:2      | Found a shadowy altar of Dithmenos.
  2337 | D:2      | Reached XP level 4. HP: 35/40 MP: 5/5
  2982 | D:3      | Reached ** piety under Lugonu
  3031 | D:3      | Reached XP level 5. HP: 4/47 MP: 7/7
  3052 | D:3      | HP: 2/47 [orc wizard/magic dart (4)]
  3061 | D:3      | Killed from afar by an orc wizard

Illustrated notes

Levels and vault maps discovered:
D:1:      dpeg_arrival_snail, layout_loops_corners, basic_ecumenical_altar
D:2:      layout_loops_cross, basic_altar
D:3:      cheibrodos_fertilizer, layout_basic, chequers_avenue, hex_large

Skill      XL: |  1  2  3  4 |
---------------+-------------+-----
Fighting       | 4 |  4.3
Axes           | 3 |  3.4
Invocations    | 3 |  3.0
Dodging        | |  2.9

Action                   |  1- 3 |  4- 6 || total
-------------------------+-------+-------++-------
Melee: Hand axe          |    91 |    61 ||   152
       Tailslap          |     9 |     8 ||    17
Invok: Depart the Abyss  |     1 |       ||     1
  Use: Potion            |       |     4 ||     4
Armor: Skin              |    25 |    34 ||    59
Dodge: Dodged            |    62 |    44 ||   106

Table legend: (Time is in decaauts)
 A = Elapsed time spent in this place.
 B = Non-inter-level travel time spent in this place.
 C = Inter-level travel time spent in this place.
 D = Time resting spent in this place.
 E = Time spent auto-exploring this place.
 F = Levels seen in this place.
 G = Mean time per level.
                   A        B        C        D        E       F      G
               +--------+--------+--------+--------+--------+-----+--------+
         Total |   3075 |   2853 |    222 |    458 |   1930 |   4 |  768.8 |
       Dungeon |   2973 |   2751 |    222 |    458 |   1877 |   3 |  991.0 |
         Abyss |    102 |    102 |      0 |      0 |     53 |   1 |  102.0 |
               +--------+--------+--------+--------+--------+-----+--------+

Top non-repeatable levels by time:
     D:1: 1553 daAuts
     D:2: 1011 daAuts
     D:3: 408 daAuts
 Abyss:1: 102 daAuts
